 Dungeon Crawl Stone Soup version 0.21.0-26-g889b8f6872 (webtiles) character file.

1001 KamiKatze the Destroyer (level 8, -8/41 HPs)
             Began as a Deep Elf Conjurer on Jan 28, 2018.
             Mangled by an orc warrior
             ... wielding a +0 scimitar
              (23 damage)
             ... on level 5 of the Dungeon.
             The game lasted 00:19:43 (4283 turns).

KamiKatze the Destroyer (Deep Elf Conjurer)         Turns: 4283, Time: 00:19:44

Health: -8/41      AC:  6    Str:  5    XL:     8   Next: 0%
Magic:  14/20      EV: 13    Int: 23    God:
Gold:   254        SH:  0    Dex: 15    Spells: 7/21 levels left

rFire    . . .     SeeInvis .   n - -3 whip (curse)
rCold    . . .     Gourm    .   (no shield)
rNeg     + . .     Faith    .   p - +1 robe {rN+}
rPois    .         Spirit   .   (no helmet)
rElec    .         Reflect  .   (no cloak)
rCorr    .         Harm     .   (no gloves)
MR       .....                  k - +2 pair of boots
Stlth    ++........             (no amulet)
HPRegen  0.13/turn              (no ring)
MPRegen  0.17/turn              (no ring)

@: no status effects
A: no striking features
a: no special abilities


You were on level 5 of the Dungeon.
You were not hungry.

You visited 1 branch of the dungeon, and saw 5 of its levels.

You collected 254 gold pieces.

Inventory:

Hand Weapons
 l - a +0 dagger of venom
 n - a cursed -3 whip (weapon)
 o - a +2 dagger of venom
Armour
 k - a +2 pair of boots (worn)
 p - a +1 robe of positive energy (worn)
Jewellery
 q - the ring of Yrumpaytri {Fire Int+3}
   (You found it on level 5 of the Dungeon)

   [ring of fire]

   It enhances your fire magic.
   It affects your intelligence (+3).
   It protects you from fire.
   It makes you vulnerable to cold.
Scrolls
 d - a scroll of teleportation
 f - 2 scrolls of identify
 g - a scroll of amnesia
 i - 2 scrolls of fog
 r - a scroll of enchant weapon
 s - 2 scrolls of fear
Potions
 e - 4 potions of might
 h - a potion of haste
 j - a potion of agility
 m - a potion of ambrosia
 t - a potion of heal wounds {unknown}
Books
 b - a book of Conjurations

   Spells                             Type                      Level
   a - Magic Dart                     Conjuration                  1
   b - Searing Ray                    Conjuration                  2
   c - Dazzling Spray                 Conjuration/Hexes            3
   d - Fulminant Prism                Conjuration/Hexes            4
   e - Force Lance                    Conjuration/Translocation    4
   f - Iskenderun's Mystic Blast      Conjuration                  4
Comestibles
 a - 5 chunks of flesh
 c - 7 rations


   Skills:
 - Level 2.4 Dodging
 - Level 2.4 Stealth
 + Level 7.1 Spellcasting
 * Level 9.1 Conjurations
 + Level 3.5 Hexes


You had 7 spell levels left.
You knew the following spells:

 Your Spells              Type           Power        Failure   Level  Hunger
a - Magic Dart            Conj           ####         1%          1    None
b - Searing Ray           Conj           ######       1%          2    None
c - Dazzling Spray        Conj/Hex       #####.       1%          3    None
d - Iskenderun's Mystic   Conj           ######..     1%          4    ###....
e - Fulminant Prism       Conj/Hex       #####.....   5%          4    ###....


Dungeon Overview and Level Annotations

Branches:
Dungeon (5/15)
 Temple: D:4-7

Altars:
Gozag

Shops:
D:2 *


Message History

The orc warrior shouts!
There is a stone staircase leading up here.
Casting: Searing Ray
Confirm with . or Enter, or press ? or * to list all spells.
Aiming: Searing Ray
Press: ? - help, Shift-Dir - straight line, f - orc warrior
Aim: an orc warrior, wielding a scimitar and wearing a plate armour The searing ray hits the orc warrior.
The orc warrior is lightly wounded. (Press . to maintain the ray.)
The orc warrior hits you with a scimitar!
Some of the chunks of flesh in your inventory have rotted away.
The searing ray hits the orc warrior.
The orc warrior is moderately wounded.
The orc warrior hits you with a scimitar!
The searing ray hits the orc warrior.
The orc warrior is severely wounded.
The orc warrior hits you with a scimitar!!
Ouch! That really hurt!
You die...

. .. %.##
...####
#####.#..##
..........######
...####)#..@o..#
####.######.#
#?..o..#
#...%รท.#
#......#
..(......#
###.....[.
#......## ##
........#


You could see an orc warrior.

Vanquished Creatures
  Sigmund (D:2)
  Purgy (D:4)
  A scorpion (D:4)
  A howler monkey (D:4)
  A quasit (D:5)
  A hound (D:4)
  5 orc priests
  A bullfrog skeleton (D:4)
  5 orc wizards
  2 iguanas
  A hound skeleton (D:4)
  2 gnolls (D:5)
  9 adders
  An ooze (D:2)
  A worm (D:2)
  A dart slug (D:2)
  3 leopard geckos
  21 orcs
  A ball python (D:5)
  3 giant cockroaches
  4 goblins
  8 hobgoblins
  10 jackals
  6 kobolds
  A quokka (D:4)
  11 bats
  3 frilled lizards
  4 rats
109 creatures vanquished.

Vanquished Creatures (others)
  3 fulminant prisms
3 creatures vanquished.

Grand Total: 112 creatures vanquished

Notes
Turn   | Place    | Note
-------+----------+-------------------------------------------
     0 | D:1      | KamiKatze the Deep Elf Conjurer began the quest for the Orb.
     0 | D:1      | Reached XP level 1. HP: 10/10 MP: 6/6
   241 | D:1      | Reached XP level 2. HP: 15/15 MP: 5/8
   261 | D:1      | Learned a level 2 spell: Searing Ray
   334 | D:1      | Reached skill level 5 in Conjurations
   794 | D:2      | Noticed Sigmund
   805 | D:2      | Killed Sigmund
   805 | D:2      | Reached skill level 6 in Conjurations
   805 | D:2      | Reached XP level 3. HP: 19/19 MP: 2/11
   805 | D:2      | Reached XP level 4. HP: 24/24 MP: 2/12
   805 | D:2      | Reached XP level 5. HP: 28/28 MP: 2/14
   998 | D:2      | Reached skill level 5 in Spellcasting
  1003 | D:2      | Learned a level 3 spell: Dazzling Spray
  1008 | D:2      | Learned a level 4 spell: Iskenderun's Mystic Blast
  1013 | D:2      | Learned a level 4 spell: Fulminant Prism
  1178 | D:2      | Found Gozag's Platinum Reserve.
  1259 | D:2      | Found an opulent altar of Gozag.
  1802 | D:3      | Reached skill level 7 in Conjurations
  1844 | D:3      | Reached XP level 6. HP: 31/32 MP: 1/16
  2935 | D:4      | Noticed Purgy
  3220 | D:4      | Reached skill level 8 in Conjurations
  3220 | D:4      | Reached skill level 1 in Hexes
  3220 | D:4      | Reached XP level 7. HP: 36/36 MP: 14/18
  3852 | D:4      | Killed Purgy
  3946 | D:5      | Entered Level 5 of the Dungeon
  4022 | D:5      | Got a crude lapis lazuli ring
  4023 | D:5      | Identified the ring of Yrumpaytri {Fire Int+3} (You found it on level 5 of the Dungeon)
  4094 | D:4      | Reached skill level 9 in Conjurations
  4278 | D:5      | Reached XP level 8. HP: 38/41 MP: 17/20
  4283 | D:5      | Mangled by an orc warrior

Skill      XL: |  1  2  3  4  5  6  7 |
---------------+----------------------+-----
Conjurations   | 6 7 8 9 |  9.1
Spellcasting   | 4 5 6 7 |  7.1
Hexes          | 1 3 |  3.5
Dodging        | |  2.4
Stealth        | |  2.4

Action                   |  1- 3 |  4- 6 |  7- 9 || total
-------------------------+-------+-------+-------++-------
Melee: Unarmed           |     1 |       |       ||     1
       Dagger            |       |    14 |       ||    14
 Cast: Magic Dart        |    38 |   111 |    26 ||   175
       Searing Ray       |     1 |    10 |    17 ||    28
       Dazzling Spray    |       |     4 |       ||     4
       Iskenderun's Myst |       |     3 |       ||     3
       Fulminant Prism   |       |     2 |     1 ||     3
  Use: Scroll            |       |     9 |     2 ||    11
 Stab: Sleeping          |       |     2 |       ||     2
  Eat: Chunk             |       |     8 |     3 ||    11
Armor: Robe              |     5 |     7 |     6 ||    18
Dodge: Dodged            |     5 |    29 |    16 ||    50
